 Dungeon Crawl Stone Soup version 0.29.1-12-g30fa7ad0bf (webtiles) character file.

Game seed: 11191440482059174305

23 Gabide the Trooper (level 3, -2/30 HPs)
             Began as a Formicid Berserker on Dec 19, 2022.
             Was a Follower of Trog.
             Slain by a worm (9 damage)
             ... on level 2 of the Dungeon.
             The game lasted 00:01:27 (805 turns).

Gabide the Trooper (Formicid Berserker)              Turns: 805, Time: 00:01:28

Health: -2/30      AC:  5    Str: 23    XL:     3   Next: 12%
Magic:  3/3        EV: 11    Int:  6    God:    Trog [*.....]
Gold:   68         SH:  0    Dex: 13    Spells: 2/2 levels left

rFire   . . .      SeeInvis +   a - +0 mace
rCold   . . .      Faith    .   (no shield)
rNeg    . . .      Spirit   .   c - +0 ring mail
rPois   .          Reflect  .   (helmet unavailable)
rElec   .          Harm     .   (no cloak)
rCorr   .          Rampage  .   (no gloves)
Will    +....                   (no boots)
Stlth   +.........              (no amulet)
HPRegen 0.10/turn               f - ring of willpower
MPRegen 0.08/turn               (no ring)

@: no status effects
A: permanent stasis, dig shafts and tunnels, antennae 3, four strong arms
a: Dig, Shaft Self, Renounce Religion


You were on level 2 of the Dungeon.
You worshipped Trog.
Trog was aware of your devotion.
You visited 1 branch of the dungeon, and saw 2 of its levels.

You collected 68 gold pieces.

Inventory:

Hand Weapons
 a - a +0 mace (weapon)
Armour
 b - a +0 scale mail
 c - a +0 ring mail (worn)
Jewellery
 f - a ring of willpower (left hand)
Scrolls
 e - 2 scrolls of identify {unknown}
 g - 3 scrolls of teleportation {unknown}
 i - a scroll of fear {unknown}
 j - a scroll of enchant weapon {unknown}
Potions
 d - a potion of degeneration {unknown}
 h - a potion of flight {unknown}


   Skills:
 * Level 3.8 Fighting
 * Level 3.4 Maces & Flails
 - Level 2.1 Armour
 + Level 2.1 Dodging


You had 2 spell levels left.
You didn't know any spells.
Your spell library was empty.

Dungeon Overview and Level Annotations

Branches:
Dungeon (2/15)

Altars:

Shops:
D:1 :


Innate Abilities, Weirdness & Mutations

You cannot be hasted, slowed, berserked, paralysed or teleported.
You can dig through walls and to a lower floor.
You have a pair of large antennae on your head. (SInv)
Your four strong arms can wield two-handed weapons with a shield.


Message History

You hit the worm.
The worm is moderately wounded.
The worm misses you.
You hit the worm.
The worm is moderately wounded.
The kobold closely misses you. The worm barely misses you.
You barely miss the worm.
The worm is moderately wounded.
The kobold hits you but does no damage.
You hit the worm.
The worm is severely wounded.
The kobold barely misses you. The worm bites you.
You hit the worm.
The worm is almost dead.
The kobold closely misses you. The worm bites you!
You are too injured to fight recklessly!
You are too injured to fight recklessly!
You are too injured to fight recklessly!
You are too injured to fight recklessly!
You are too injured to fight recklessly!
You are too injured to fight recklessly!
You are too injured to fight recklessly!
You are too injured to fight recklessly!
You are too injured to fight recklessly!
You are too injured to fight recklessly!
You are too injured to fight recklessly!
You are too injured to fight recklessly!
You are too injured to fight recklessly!
You are too injured to fight recklessly!
You are too injured to fight recklessly!
You are too injured to fight recklessly!
You are too injured to fight recklessly!
Unknown command.
You hit the worm.
The worm is almost dead.
The kobold hits you but does no damage.
The kobold hits you with a +0 short sword.
* * * LOW HITPOINT WARNING * * *
The worm bites you!
You die...

#.#.# #...###
#.....## #####
##...#..# #.....
..# ..#..#.##......
.(..##.....#.......
.......<...........
.........$..K......
..?........@w......
...................
.....$.............
...................
...................
.......=...........
.>................
##...###.#.......


You could see a worm and a kobold.

Vanquished Creatures
  A dart slug (D:1)
  An endoplasm (D:1)
  A goblin (D:1)
  A hobgoblin (D:1)
  2 jackals (D:1)
  A quokka (D:1)
  4 ball pythons (D:1)
  4 bats (D:1)
  A frilled lizard (D:1)
  2 kobolds (D:1)
  4 rats (D:1)
22 creatures vanquished.

Notes
Turn   | Place    | Note
-------+----------+-------------------------------------------
     0 | D:1      | Gabide the Formicid Berserker began the quest for the Orb.
     0 | D:1      | Reached XP level 1. HP: 18/18 MP: 1/1
    60 | D:1      | Found Venab's Vocational Training.
   160 | D:1      | Reached XP level 2. HP: 24/24 MP: 2/2
   729 | D:1      | Reached XP level 3. HP: 30/30 MP: 3/3
   805 | D:2      | Slain by a worm

Illustrated notes

Levels and vault maps discovered:
D:1:      saegor_arrival_simple_a, layout_basic, nicolae_shop_vocational
D:2:      layout_rooms, hellmonk_ecumenical_altar_leap_of_faith,
          mrwooster_statue_mirror, eino_tiny_chamber

Skill      XL: |  1  2 |
---------------+-------+-----
Dodging        | 2 |  2.1
Fighting       | |  3.8
Maces & Flails | |  3.4
Armour         | |  2.1

Action                   || total
-------------------------++-------
Melee: Mace              ||    72
Armor: Ring mail         ||    38
Dodge: Dodged            ||    53
